 Dungeon Crawl Stone Soup version 0.28-a0-128-gcbb86046cc (webtiles) character file.

Game seed: 18362059492436845200

2 Ezendos the Sneak (level 1, 0/15 HPs)
             Began as a Naga Enchanter on Aug 15, 2021.
             Slain by a jackal (2 damage)
             ... on level 1 of the Dungeon.
             The game lasted 00:00:11 (29 turns).

Ezendos the Sneak (Naga Enchanter)                    Turns: 29, Time: 00:00:12

Health: 0/15       AC:  1    Str: 10    XL:     1   Next: 40%
Magic:  3/3        EV:  9    Int: 15    God:
Gold:   0          SH:  0    Dex: 11    Spells: 3/4 levels left

rFire   . . .      SeeInvis +   a - +1 dagger
rCold   . . .      Faith    .   (no shield)
rNeg    . . .      Spirit   .   b - +0 robe
rPois   +          Reflect  .   (no helmet)
rElec   .          Harm     .   (no cloak)
rCorr   .          Rampage  .   (no gloves)
Will    .....                   (no barding)
Stlth   ++........              (no amulet)
HPRegen 0.05/turn               (no ring)
MPRegen 0.08/turn               (no ring)

@: very slow
A: AC +0, large, see invisible, deformed body, poison resistance, slowness 2,
spit poison 1, naga tail 1
a: Spit Poison


You were on level 1 of the Dungeon.
You visited 1 branch of the dungeon, and saw 1 of its levels.

Inventory:

Hand Weapons
 a - a +1 dagger (weapon)
Armour
 b - a +0 robe (worn)


   Skills:
 + Level 1.0 Short Blades
 + Level 1.6 Dodging
 + Level 4.4 Stealth
 + Level 2.0 Spellcasting
 + Level 3.0 Hexes


You had 3 spell levels left.
You knew the following spells:

 Your Spells              Type           Power      Damage    Failure   Level
a - Corona                Hex            11%        N/A       6%          1

Your spell library contained the following spells:

 Spells                   Type           Power      Damage    Failure   Level
 Ensorcelled Hibernation  Hex/Ice        12%        N/A       19%         2
 Confusing Touch          Hex            10%        N/A       19%         3
 Tukima's Dance           Hex            10%        N/A       19%         3
 Dazzling Flash           Conj/Hex       12%        N/A       34%         3


Dungeon Overview and Level Annotations

Branches:
Dungeon (1/15)

Altars:


Innate Abilities, Weirdness & Mutations

Your serpentine skin is tough. (AC +0)
You have supernaturally acute eyesight. (SInv)
Armour fits poorly on your strangely shaped body.
Your system is resistant to poisons. (rPois)
You cover ground very slowly.
You can spit poison.
You have a snake-like lower body.


Message History

You hit the jackal but do no damage.
The jackal bites you but does no damage.
You barely miss the jackal. The jackal bites you.
You are too injured to fight recklessly!
You hit the jackal.
The jackal is heavily wounded.
The jackal bites you but does no damage.
The jackal bites you.
You hit the jackal.
The jackal is severely wounded.
The jackal closely misses you.
Press: ? - help, Shift-Dir - straight line, f - jackal
Aim: a jackal (severely wounded)
Okay, then.
You hit the jackal but do no damage.
The jackal is severely wounded.
The jackal bites you.
You hit the jackal.
You kill the jackal!
The jackal bites you.
Press: ? - help, Shift-Dir - straight line, f - jackal
Aim: a jackal The splash of poison misses the jackal. x2; The jackal completely misses you.
You hit the jackal but do no damage. The jackal completely misses you.
You closely miss the jackal. The jackal completely misses you.
The jackal closely misses you.
You closely miss the jackal. The jackal bites you.
You hit the jackal but do no damage. The jackal bites you.
* * * LOW HITPOINT WARNING * * *
The jackal completely misses you.
You completely miss the jackal. The jackal closely misses you.
You have got your breath back.
The jackal barely misses you.
You hit the jackal.
The jackal is heavily wounded.
The jackal closely misses you.
You hit the jackal.
You kill the jackal!
The jackal bites you.
You die...

## .. #.
.## ..# #.#
#†# #h#
#@##
####..#####
#.........#
##++###''##
#.........#
#.........#
#.........#
#.#.....#.#
#.#.....#.#


You could see a jackal.

Vanquished Creatures
  A hobgoblin (D:1)
  2 jackals (D:1)
3 creatures vanquished.

Notes
Turn   | Place    | Note
-------+----------+-------------------------------------------
     0 | D:1      | Ezendos the Naga Enchanter began the quest for the Orb.
     0 | D:1      | Reached XP level 1. HP: 15/15 MP: 3/3
    29 | D:1      | Slain by a jackal

Illustrated notes

Levels and vault maps discovered:
D:1:      lemuel_arrival_behind_the_door_large, layout_basic, serial_shops,
          nicolae_shop_window_shopping

Action                   || total
-------------------------++-------
Melee: Dagger            ||    14
 Abil: Spit Poison       ||     1
 Stab: Sleeping          ||     1
Armor: Robe              ||     2
Dodge: Dodged            ||     9

Table legend: (Time is in decaauts)
 A = Elapsed time spent in this place.
 B = Non-inter-level travel time spent in this place.
 C = Inter-level travel time spent in this place.
 D = Time resting spent in this place.
 E = Time spent auto-exploring this place.
 F = Levels seen in this place.
 G = Mean time per level.
                   A        B        C        D        E       F      G
               +--------+--------+--------+--------+--------+-----+--------+
         Total |     34 |     34 |      0 |      0 |     11 |   1 |   34.0 |
       Dungeon |     34 |     34 |      0 |      0 |     11 |   1 |   34.0 |
               +--------+--------+--------+--------+--------+-----+--------+

Top non-repeatable levels by time:
     D:1: 34 daAuts
